 Dungeon Crawl Stone Soup version 0.28-a0-556-gab23d0e057 (webtiles) character file.

Game seed: 8929227871058459301

3049 meatgazer the Fighter (level 9, -6/86 HPs)
             Began as a Minotaur Berserker on Sept 28, 2021.
             Was an Elder of Trog.
             Mangled by a slime creature (8 damage)
             ... while paralysed by a hornet
             ... on level 9 of the Dungeon.
             The game lasted 00:13:04 (8253 turns).

meatgazer the Fighter (Minotaur Berserker)          Turns: 8253, Time: 00:13:05

Health: -6/86      AC: 15    Str: 23    XL:     9   Next: 57%
Magic:  0/8        EV:  2    Int:  4    God:    Trog [****..]
Gold:   367        SH:  0    Dex: 18    Spells: 8/8 levels left

rFire   . . .      SeeInvis .   n - +2 falchion (holy)
rCold   . . .      Faith    .   (no shield)
rNeg    . . .      Spirit   +   g - +0 scale mail
rPois   .          Reflect  .   (helmet restricted)
rElec   .          Harm     .   i - +2 cloak
rCorr   .          Rampage  .   m - +0 pair of gloves
Will    .....                   d - +2 pair of boots {Fly}
Stlth   ..........              k - amulet of guardian spirit
HPRegen 0.24/turn               c - +6 ring of dexterity
MPRegen 0.11/turn               (no ring)

@: paralysed, lethally poisoned (-6 -> -13), on berserk cooldown, flying, slowed
A: horns 2, retaliatory headbutt
a: Renounce Religion, Berserk, Trog's Hand, Brothers in Arms


You were on level 9 of the Dungeon.
You worshipped Trog.
Trog was greatly pleased with you.
You visited 1 branch of the dungeon, and saw 8 of its levels.

You collected 367 gold pieces.

Inventory:

Hand Weapons
 n - a +2 falchion of holy wrath (weapon)
Armour
 d - a +2 pair of boots of flying (worn)
 g - a +0 scale mail (worn)
 i - a +2 cloak (worn)
 m - a +0 pair of gloves (worn)
Jewellery
 a - an amulet of the acrobat
 c - a +6 ring of dexterity (left hand)
 k - an amulet of guardian spirit (around neck)
Wands
 b - a wand of digging (3)
 l - a wand of flame (39)
Scrolls
 e - 2 scrolls of silence
 f - 7 scrolls of identify
 h - a scroll of magic mapping
Potions
 j - a potion of curing
 r - a potion of attraction


   Skills:
 * Level 10.3 Fighting
 * Level 10.2 Long Blades
 + Level 7.1 Armour
 - Level 2.1 Dodging
 + Level 3.7 Evocations


You had 8 spell levels left.
You didn't know any spells.
Your spell library was empty.

Dungeon Overview and Level Annotations

Branches:
Dungeon (9/15)
 Temple: D:4-7         Lair: D:8-11         Orc: D:9-12

Altars:
Ashenzari
Fedhas
Okawaru
Ru
Uskayaw
Xom

Shops:
D:7 *   D:9 (


Innate Abilities, Weirdness & Mutations

You have a pair of horns on your head.
You reflexively headbutt those who attack you in melee.


Message History

You feel as though you will be slow longer.
You feel better.
The hornet stings you but does no damage.
The hornet barely misses you. You furiously retaliate!
You headbutt the hornet.
The hornet stings you but does no damage.
The hornet closely misses you.
The hornet stings you but does no damage.
The hornet stings you but does no damage.
Your ogre goes berserk!
The hornet stings you but does no damage.
The hornet stings you!
* * * LOW HITPOINT WARNING * * *
You feel as though you will be slow longer.
The hornet stings you but does no damage.
The hornet closely misses you. You furiously retaliate!
You headbutt the hornet.
You swap places.
Your ogre barely misses the hornet.
The hornet stings your ogre!
Your ogre seems to slow down.
Your ogre misses the hornet. The hornet stings your ogre!
Your ogre is poisoned.
Your ogre seems to slow down.
You fail to use your ability.
The hornet stings your ogre!
Your ogre seems to slow down.
Your ogre closely misses the hornet.
The hornet stings your ogre!
Your ogre dies!
Your ogre's corpse disappears in a puff of smoke!
Your ogre goes berserk!
The hornet stings you!
* * * LOW HITPOINT WARNING * * *
You are lethally poisoned!
You suddenly lose the ability to move!
The slime creature jiggles.
The hornet stings you.
* * * LOW HITPOINT WARNING * * *
You feel as though you will be slow longer.
The hornet stings you but does no damage.
* * * LOW HITPOINT WARNING * * *
You feel very sick. The hornet completely misses you.
The slime creature hits you!
You die...

#'###+###.....#
.....#..#..........
.....#..###...###.#
#'###'..+.###### .####
...'.#..#....... .^..#
...#.#..#....... ....#
._.#.+##'....... ....##
...#.#..#########O....#
...+.#..###O.§Cy@...#
#+###+..'{#§###J###...#
#..#.§§#..... .#
#..#..§#.#.#.#
+####.....#....
#..#.#.# #.# ...#...
... #.### #.# #. .. [..


You could see a slime creature, a two-headed ogre, a cyclops, a hornet (ally
target) and a friendly ogre (summoned, berserk).

Vanquished Creatures
  A cyclops (D:8)
  A hornet (D:8)
  Sigmund (D:2)
  A basilisk (D:8)
  A steam dragon (D:7)
  An acid dragon (D:9)
  2 orc warriors
  An ice beast (D:8)
  An ogre (D:4)
  3 centaurs
  3 kobold brigands
  3 killer bees (D:8)
  2 wights
  2 centaur zombies
  A bullfrog zombie (D:7)
  An orc priest (D:8)
  3 gnoll shamans
  A hound (D:7)
  Crazy Yiuf (D:2)
  A centaur skeleton (D:7)
  2 iguanas
  Natasha (thrice) (D:2)
  7 orc wizards
  A hound zombie (D:3)
  Robin (D:2)
  A howler monkey zombie (D:8)
  7 gnolls
  5 adders
  A shadow imp (D:8)
  A white imp (D:7)
  An adder skeleton (D:4)
  2 worms (D:3)
  3 dart slugs (D:4)
  16 orcs
  6 bats
  4 endoplasms
  3 giant cockroaches
  15 goblins
  8 hobgoblins
  3 jackals (D:3)
  21 kobolds
  5 quokkas
  4 ball pythons
  3 frilled lizards (D:1)
  4 rats
158 creatures vanquished.

Notes
Turn   | Place    | Note
-------+----------+-------------------------------------------
     0 | D:1      | meatgazer the Minotaur Berserker began the quest for the
                  | Orb.
     0 | D:1      | Reached XP level 1. HP: 19/19 MP: 0/0
   345 | D:1      | Reached XP level 2. HP: 27/27 MP: 1/1
   996 | D:2      | Found a faded altar of an unknown god.
  1001 | D:2      | Noticed Robin
  1011 | D:2      | Reached XP level 3. HP: 34/34 MP: 2/2
  1018 | D:2      | Killed Robin
  1019 | D:2      | Reached ** piety under Trog
  1320 | D:2      | Noticed Sigmund
  1328 | D:2      | Killed Sigmund
  1329 | D:2      | Reached skill level 5 in Fighting
  1329 | D:2      | Reached skill level 5 in Long Blades
  1329 | D:2      | Reached XP level 4. HP: 42/42 MP: 3/3
  1329 | D:2      | Reached XP level 5. HP: 49/49 MP: 4/4
  1599 | D:2      | Noticed Natasha
  1605 | D:2      | Killed Natasha
  1866 | D:2      | Noticed Natasha
  1874 | D:2      | Killed Natasha
  1875 | D:2      | Reached XP level 6. HP: 41/57 MP: 5/5
  1989 | D:2      | Noticed Natasha
  2002 | D:2      | Killed Natasha
  2329 | D:2      | Found a runed translucent door.
  2330 | D:2      | Noticed Crazy Yiuf
  2337 | D:2      | Killed Crazy Yiuf
  4436 | D:4      | Reached XP level 7. HP: 56/64 MP: 6/6
  4495 | D:4      | Reached *** piety under Trog
  5691 | D:5      | Entered Level 5 of the Dungeon
  5691 | D:5      | Found a shimmering altar of Xom.
  5692 | D:5      | Found a sacrificial altar of Ru.
  5731 | D:5      | You are sucked into a shaft and drop 3 floors!
  5748 | D:7      | Found Badergh's Assorted Antiques.
  5924 | D:7      | Noticed a steam dragon
  5932 | D:7      | Killed a steam dragon
  5933 | D:7      | Reached skill level 5 in Armour
  5933 | D:7      | Reached skill level 1 in Evocations
  5945 | D:7      | Reached XP level 8. HP: 74/74 MP: 4/7
  6124 | D:7      | Found a broken altar of Ashenzari.
  6187 | D:7      | Found a hide-covered altar of Uskayaw.
  6187 | D:7      | Found an iron altar of Okawaru.
  6313 | D:7      | Reached **** piety under Trog
  6480 | D:8      | Noticed a cyclops
  6675 | D:8      | Killed a cyclops
  6987 | D:8      | Reached XP level 9. HP: 78/83 MP: 8/8
  7375 | D:8      | Reached skill level 10 in Fighting
  7709 | D:9      | Reached skill level 10 in Long Blades
  7922 | D:9      | Found Eqitzego's Weapon Emporium.
  8211 | D:9      | Found a blossoming altar of Fedhas.
  8231 | D:9      | Noticed a two-headed ogre
  8232 | D:9      | Noticed a cyclops
  8235 | D:9      | Paralysed by a hornet for 3 turns
  8252 | D:9      | Paralysed by a hornet for 2 turns
  8253 | D:9      | HP: 2/86 [poisoned by a hornet]
  8253 | D:9      | Mangled by a slime creature

Illustrated notes

Levels and vault maps discovered:
D:1:      dpeg_arrival_leaves_temple_mockup, layout_basic, minmay_heptomino_o4
D:2:      minmay_diamond_boxcup, layout_loops_corners,
          shapermc_ecumenical_altar_notcrosses, uniq_crazy_yiuf_cottage,
          uniq_natasha, uniq_robin, uniq_sigmund
D:3:      layout_rooms, serial_corexii_hall, chequers_hall_statues_y,
          corexii_hall_statues_i, minmay_vboxes
D:4:      layout_layer_cave, minmay_bent
D:5:      layout_basic, nicolae_overflow_hidden_temple, serial_bayou_ford_a,
          uniq_duvessa, uniq_ijyb
D:7:      layout_basic, mainiacjoe_overflow_alcove_2,
          gammafunk_temple_overflow_statue, serial_shops,
          nicolae_shop_temple_entry_statues_fountains
D:8:      layout_cave_pools, st_stairs_4, kennysheep_small_spiral
D:9:      layout_basic, mainiacjoe_overflow_24_doors, lair_entry_dummy,
          serial_shops, nicolae_stop_n_shop_1, minmay_statues_item,
          minmay_chambers_of_fives

Skill      XL: |  1  2  3  4  5  6  7  8  9 |
---------------+----------------------------+-----
Fighting       | 4 5 6 7 9 10 | 10.3
Long Blades    | 4 5 6 7 9 10 | 10.2
Armour         | 3 4 5 6 7 |  7.1
Evocations     | 1 2 3 |  3.7
Dodging        | |  2.1

Action                   |  1- 3 |  4- 6 |  7- 9 || total
-------------------------+-------+-------+-------++-------
Melee: Falchion          |    65 |    77 |   165 ||   307
       Headbutt          |    12 |    19 |    52 ||    83
Invok: Berserk           |     2 |     1 |    10 ||    13
       Trog's Hand       |     1 |       |     1 ||     2
       Brothers in Arms  |       |       |     2 ||     2
  Use: Scroll            |       |     6 |     4 ||    10
       Potion            |       |     4 |     2 ||     6
 Stab: Sleeping          |       |     5 |       ||     5
Armor: Animal skin       |    26 |    32 |     2 ||    60
       Scale mail        |       |       |   182 ||   182
Dodge: Dodged            |    58 |    46 |   132 ||   236

Table legend: (Time is in decaauts)
 A = Elapsed time spent in this place.
 B = Non-inter-level travel time spent in this place.
 C = Inter-level travel time spent in this place.
 D = Time resting spent in this place.
 E = Time spent auto-exploring this place.
 F = Levels seen in this place.
 G = Mean time per level.
                   A        B        C        D        E       F      G
               +--------+--------+--------+--------+--------+-----+--------+
         Total |   8339 |   8191 |    148 |   2855 |   4401 |   8 | 1042.4 |
       Dungeon |   8339 |   8191 |    148 |   2855 |   4401 |   8 | 1042.4 |
               +--------+--------+--------+--------+--------+-----+--------+

Top non-repeatable levels by time:
     D:4: 2234 daAuts
     D:2: 1571 daAuts
     D:8: 1075 daAuts
     D:1: 971 daAuts
     D:3: 953 daAuts
     D:7: 928 daAuts
     D:9: 565 daAuts
     D:5: 39 daAuts
